Map: 애씨드 플랜트 - 래더

Players

Zest

  • Race: Protoss Protoss
  • League: Master
  • Spawn Location: 5:00

Trap - Winner!

  • Race: Protoss Protoss
  • League: Master
  • Spawn Location: 11:00

Event: HomeStory Cup XVIII

VOD

Have the link to the VOD?

Description

Time

  • Played on: Nov. 24, 2018, 5:54 a.m.
  • Length: 12:13

All games in this series

Show
View Real Time Build Order
Export as new Build Order

Zest Protoss 

Build Orders: Phoenix Opening, Mass Phoenix 

Get SALT Encoding   

  12  0:00  Probe  
  13  0:12  Probe  
  14  0:17  Pylon  
  14  0:24  Probe  
  15  0:32  Probe  
  15  0:36  Gateway  
  15  0:40  Probe  
  16  0:45  Assimilator  
  17  0:51  Probe  
  17  0:54  Assimilator  
  18  1:03  Probe  
  19  1:07  Gateway  
  19  1:15  Probe  
  20  1:23  Cybernetics Core  
  20  1:27  Probe  
  21  1:34  Pylon  
  21  1:39  Probe  
  22  1:51  Probe  
  22  1:52  Stalker  
  22  1:53  Sentry  
  23  2:00  Warp Gate  
  27  2:26  Phoenix  
  31  2:31  Stargate  
  27  2:39  Nexus  
  27  2:40  Probe  
  27  2:43  Pylon  
  28  2:53  Probe  
  28  2:56  Stalker  
  31  3:03  Stalker  
  33  3:05  Probe  
  33  3:11  Shield Battery  
  33  3:12  Phoenix  
  34  3:25  Probe  
  37  3:33  Phoenix  
  39  3:42  Shield Battery  
  39  3:50  Phoenix  
  39  3:56  Probe x2  
  43  4:07  Probe  
  43  4:08  Probe  
  43  4:15  Phoenix, Probe  
  43  4:20  Probe  
  43  4:23  Probe  
  46  4:32  Probe  
  46  4:34  Stargate  
  46  4:35  Probe  
  46  4:36  Assimilator  
  48  4:40  Phoenix  
  48  4:43  Assimilator  
  48  4:44  Probe  
  51  4:46  Pylon  
  51  4:47  Probe  
  52  4:56  Probe x2  
  54  5:04  Probe  
  54  5:05  Phoenix  
  56  5:08  Probe  
  56  5:12  Probe, Pylon  
  58  5:18  Phoenix  
  58  5:21  Probe  
  62  5:26  Probe  
  62  5:27  Pylon  
  62  5:30  Phoenix  
  62  5:34  Probe  
  66  5:39  Probe  
  67  5:44  Phoenix  
  67  5:47  Fleet Beacon  
  69  5:53  Pylon  
  69  5:57  Phoenix  
  71  6:06  Pylon  
  71  6:09  Phoenix  
  71  6:10  Anion Pulse-Crystals  
  73  6:17  Nexus  
  73  6:22  Phoenix  
  75  6:27  Probe x2  
  77  6:39  Probe x2  
  79  6:42  Phoenix  
  81  6:48  Pylon  
  81  6:52  Phoenix, Probe  
  81  6:53  Probe  
  85  7:05  Probe  
  85  7:06  Phoenix, Probe  
  89  7:11  Stargate  
  89  7:12  Phoenix  
  89  7:17  Probe  
  89  7:18  Probe  
  93  7:23  Phoenix  
  93  7:29  Probe  
  94  7:30  Probe  
  94  7:31  Phoenix  
  94  7:35  Assimilator  
  97  7:40  Assimilator, Probe  
  97  7:41  Probe  
  101  7:47  Pylon  
  101  7:52  Phoenix  
  101  7:56  Phoenix  
  105  8:03  Nexus  
  105  8:04  Phoenix  
  107  8:08  Pylon  
  107  8:09  Pylon  
  107  8:17  Phoenix  
  107  8:18  Probe  
  107  8:19  Probe x2  
  112  8:21  Phoenix  
  114  8:28  Phoenix  
  116  8:35  Pylon  
  116  8:37  Phoenix  
  116  8:38  Stargate  
  116  8:40  Probe x2  
  118  8:42  Phoenix  
  118  8:46  Pylon  
  118  8:47  Phoenix, Probe  
  121  8:52  Probe  
  121  8:53  Probe  
  121  8:54  Phoenix  
  127  8:57  Pylon  
  129  9:05  Phoenix  
  131  9:11  Phoenix  
  131  9:12  Pylon  
  131  9:14  Phoenix, Probe x2  
  135  9:18  Assimilator  
  135  9:22  Assimilator  
  135  9:23  Phoenix  
  139  9:29  Phoenix  
  139  9:30  Probe x2  
  139  9:31  Probe x2  
  143  9:33  Phoenix  
  143  9:36  Phoenix, Pylon  
  149  9:53  Phoenix  
  149  9:54  Phoenix  
  149  9:57  Pylon  
  153  10:01  Phoenix  
  153  10:02  Phoenix, Zealot x2  
  159  10:13  Phoenix  
  161  10:15  Pylon  
  161  10:18  Phoenix  
  161  10:19  Phoenix  
  159  10:26  Phoenix  
  153  10:33  Phoenix  
  151  10:38  Phoenix, Nexus  
  151  10:40  Adept x2  
  155  10:43  Phoenix  
  159  10:50  Phoenix  
  159  10:51  Phoenix  
  161  11:00  Phoenix  
  161  11:03  Phoenix  
  161  11:04  Zealot x2  
  171  11:11  Stargate  
  171  11:14  Phoenix  
  171  11:16  Phoenix  
  175  11:18  Pylon  
  175  11:28  Pylon  
  175  11:29  Phoenix  
  175  11:31  Pylon  
  175  11:32  Phoenix  
  173  11:36  Phoenix  
  167  11:41  Phoenix  
  167  11:45  Phoenix  
  167  11:46  Zealot x2  
Show
View Real Time Build Order
Export as new Build Order

Trap Protoss - Winner!

Build Orders: Phoenix Opening, Mass Phoenix 

Get SALT Encoding   

  12  0:00  Probe  
  13  0:12  Probe  
  14  0:17  Pylon  
  14  0:24  Probe  
  15  0:32  Probe  
  15  0:36  Gateway  
  15  0:40  Probe  
  17  0:50  Probe  
  17  0:54  Assimilator  
  18  0:57  Assimilator  
  18  0:58  Probe  
  19  1:06  Probe  
  19  1:07  Gateway  
  20  1:17  Probe  
  20  1:23  Cybernetics Core  
  21  1:29  Probe  
  21  1:32  Pylon  
  22  1:41  Probe  
  23  1:53  Probe  
  24  1:59  Adept  
  24  2:00  Adept, Warp Gate  
  28  2:12  Pylon  
  28  2:24  Stargate  
  28  2:26  Stalker  
  28  2:29  Stalker  
  31  2:49  Shield Battery  
  33  3:07  Phoenix  
  35  3:22  Probe, Nexus  
  34  3:31  Probe  
  34  3:32  Phoenix  
  37  3:37  Pylon  
  37  3:39  Probe  
  37  3:48  Probe  
  38  3:55  Phoenix  
  39  4:00  Probe  
  40  4:12  Phoenix, Probe  
  39  4:23  Stargate  
  39  4:24  Probe  
  39  4:29  Assimilator  
  40  4:34  Probe  
  40  4:35  Probe  
  40  4:37  Phoenix  
  44  4:42  Probe  
  44  4:43  Probe  
  44  4:47  Sentry  
  44  4:51  Assimilator, Probe  
  44  4:52  Probe  
  50  5:03  Probe  
  50  5:04  Probe, Pylon  
  52  5:08  Phoenix  
  54  5:15  Probe  
  54  5:16  Probe  
  54  5:18  Phoenix  
  58  5:27  Probe  
  58  5:28  Probe  
  60  5:37  Fleet Beacon  
  60  5:40  Probe x2  
  62  5:45  Phoenix  
  64  5:51  Pylon  
  64  5:54  Phoenix  
  64  5:56  Probe  
  67  5:57  Probe  
  68  6:06  Anion Pulse-Crystals  
  68  6:10  Phoenix  
  70  6:15  Probe x2, Pylon  
  72  6:19  Phoenix  
  74  6:38  Phoenix  
  76  6:40  Nexus  
  76  6:43  Phoenix  
  78  6:48  Probe x2  
  78  6:50  Pylon  
  80  6:54  Zealot x2  
  80  7:00  Probe x2  
  86  7:06  Phoenix x2  
  85  7:10  Assimilator  
  89  7:17  Assimilator  
  89  7:18  Probe, Pylon  
  89  7:19  Probe  
  91  7:23  Phoenix  
  91  7:30  Probe  
  91  7:31  Phoenix  
  91  7:35  Pylon  
  96  7:38  Probe  
  96  7:42  Phoenix  
  96  7:43  Probe  
  98  7:45  Stargate  
  98  7:47  Phoenix  
  100  7:55  Probe x3  
  105  8:00  Forge  
  105  8:07  Phoenix, Probe x3  
  105  8:11  Phoenix  
  112  8:17  Pylon  
  112  8:20  Pylon  
  112  8:25  Stargate  
  112  8:26  Phoenix  
  112  8:30  Pylon  
  112  8:32  Phoenix  
  114  8:34  Phoenix  
  118  8:43  Phoenix  
  118  8:44  Probe x3  
  118  8:47  Pylon  
  121  8:53  Phoenix  
  123  8:56  Phoenix  
  123  9:01  Phoenix  
  126  9:09  Zealot  
  130  9:10  Phoenix, Zealot  
  134  9:17  Pylon  
  134  9:18  Phoenix  
  134  9:19  Phoenix, Pylon  
  134  9:22  Phoenix  
  140  9:35  Phoenix  
  142  9:41  Nexus  
  142  9:43  Phoenix  
  140  9:46  Phoenix  
  140  9:47  Phoenix  
  146  9:59  Pylon  
  146  10:02  Photon Cannon  
  146  10:05  Zealot  
  146  10:06  Zealot  
  146  10:07  Phoenix x2  
  152  10:12  Phoenix  
  154  10:15  Phoenix  
  152  10:25  Phoenix  
  136  10:32  Phoenix  
  136  10:34  Zealot x2  
  140  10:36  Phoenix  
  140  10:41  Phoenix  
  144  10:47  Probe x3  
  144  10:48  Assimilator  
  144  10:49  Phoenix x2  
  145  10:52  Assimilator  
  145  10:53  Phoenix  
  145  10:56  Zealot x2  
  153  11:06  Phoenix  
  155  11:11  Probe  
  155  11:12  Phoenix  
  155  11:14  Phoenix, Probe x2  
  155  11:15  Probe  
  161  11:24  Phoenix  
  165  11:31  Phoenix  
  159  11:43  Phoenix x2  
  119  12:01  Probe  
Tags
 
Add a new tag
Caveats
  • Supply blocks, unpowered buildings, or Contaminate may cause inaccurate times.
  • Supply counts are checked every 10 seconds.